 Dungeon Crawl Stone Soup version 0.19.1-1-g22dce08 (webtiles) character file.

4263 dngmouse the Cleaver (level 10, -2/88 HPs)
             Began as a Minotaur Fighter on Jan 13, 2017.
             Was an Elder of Okawaru.
             Slain by a guardian serpent (16 damage)
             ... on level 9 of the Dungeon.
             The game lasted 00:31:38 (7202 turns).

dngmouse the Cleaver (Minotaur Fighter)             Turns: 7202, Time: 00:31:39

Health: -2/88      AC: 17    Str: 23    XL:     10   Next: 10%
Magic:  11/11      EV:  6    Int:  5    God:    Okawaru [****..]
Gold:   363        SH:  0    Dex: 11    Spells: 0 memorised, 9 levels left

rFire  . . .     SeeInvis .     x - +0 battleaxe
rCold  . . .     Gourm    .     b - +0 plate armour
rNeg   . . .     Faith    .     (shield currently unavailable)
rPois  .         Spirit   .     (helmet restricted)
rElec  .         Reflect  .     z - +0 cloak {+Inv}
rCorr  .         Harm     .     (no gloves)
MR     .....                    (no boots)
Stlth  ..........               A - amulet of magic regeneration
                                y - ring of stealth
                                l - +3 ring of protection

@: lethally poisoned (-2 -> -5), slowed, very slow
A: retaliatory headbutt, horns 2
a: Heroism, Renounce Religion, Evoke Invisibility


You were on level 9 of the Dungeon.
You worshipped Okawaru.
Okawaru was greatly pleased with you.
You were near starving.

You visited 2 branches of the dungeon, and saw 10 of its levels.

You collected 363 gold pieces.

Inventory:

Hand Weapons
 x - a +0 battleaxe (weapon)
Missiles
 n - 2 throwing nets
 o - 9 tomahawks (quivered)
Armour
 b - a +0 plate armour (worn)
 c - a +0 shield
 z - a +0 cloak of invisibility (worn)
Jewellery
 l - a +3 ring of protection (left hand)
 y - a ring of stealth (right hand)
 A - an amulet of magic regeneration (around neck)
 B - an uncursed ring of flight
 L - an uncursed ring of teleportation
 R - an uncursed ring of fire
Wands
 a - a wand of teleportation (4/9)
 G - a wand of heal wounds (3/9)
 M - a wand of slowing (26/48)
 Q - a wand of disintegration (6/24)
Scrolls
 g - 4 scrolls of recharging
 h - 7 scrolls of identify
 i - 2 scrolls of teleportation {unknown}
 k - 2 scrolls of immolation {unknown}
 m - 3 scrolls of remove curse
 r - a scroll of enchant weapon {unknown}
 t - a scroll of blinking {unknown}
 D - a scroll of random uselessness {unknown}
 H - 2 scrolls of magic mapping {unknown}
 I - a scroll of silence {unknown}
 P - a scroll of enchant armour {unknown}
Potions
 d - 2 potions of might
 e - a potion of haste
 s - a potion of flight
 E - a potion of lignification {unknown}
 F - a potion of invisibility {unknown}
 J - a potion of cancellation {unknown}
 K - a potion of cure mutation {unknown}
 N - a potion of magic {unknown}
 O - 3 potions of brilliance
Comestibles
 f - 8 bread rations
 j - 3 slices of pizza
 p - 2 fruits
 v - 5 meat rations
 w - 11 royal jellies
 C - 4 beef jerkies


   Skills:
 * Level 8.0 Fighting
 - Level 13.4 Axes
 + Level 6.3 Armour
 - Level 3.6 Shields
 + Level 3.9 Invocations
 + Level 2.9 Evocations


You had 9 spell levels left.
You didn't know any spells.

Dungeon Overview and Level Annotations

Branches:
Dungeon (9/15)             Temple (1/1) D:4
   Lair: D:8-11         Orc: D:9-12

Altars:
Ashenzari
Cheibriados
Dithmenos
Gozag
Okawaru
Vehumet
Yredelemnul
Zin

Shops:
D:4 (   D:5 [   D:6 =


Innate Abilities, Weirdness & Mutations

You reflexively headbutt those who attack you in melee.
You have a pair of horns on your head.


Message History

You resist with significant effort.
You closely miss the guardian serpent.
The guardian serpent is severely wounded.
You feel sick.
The guardian serpent coils itself and waves its upper body at you.
You feel yourself slow down.
You closely miss the guardian serpent.
The guardian serpent is severely wounded.
You feel sick.
The guardian serpent hits you but does no damage. x3
You barely miss the guardian serpent.
The guardian serpent is severely wounded.
You feel sick.
The guardian serpent completely misses you.
The guardian serpent hits you.
* * * LOW HITPOINT WARNING * * *
You slash the guardian serpent!
The guardian serpent is almost dead.
You feel sick. The guardian serpent hits you!
You die...

#.#.# #.#.#
#.# #<#####
#.#.#...##
#....###.#
#....# #.#
##...###.#
#..#..@##
#.###..S......
#. ######....
#. #. #.


You could see a guardian serpent.

Vanquished Creatures
  The ghost of TuxedoFelix the Skirmisher, a novice HuWn of Yredelemnul (D:5)
  A cyclops (D:9)
  A two-headed ogre (D:8)
  A hornet (D:8)
  The ghost of Vajrapani the Insei, an amateur OpFi (D:3)
  A soldier ant (D:8)
  Duvessa (D:7)
  2 orc warriors
  2 sky beasts
  An ice beast (D:7)
  A black bear (D:8)
  3 ogres
  2 centaurs
  2 bullfrogs
  A gnoll sergeant (D:6)
  Dowan (D:7)
  A scorpion (D:5)
  3 killer bees (D:7)
  A howler monkey (D:7)
  A crimson imp (D:8)
  A hound (D:6)
  4 orc priests
  Crazy Yiuf (D:4)
  2 gnoll shamans (D:6)
  6 orc wizards
  An iguana (D:4)
  5 worker ants
  A hound zombie (D:6)
  2 worker ant zombies
  45 gnolls (D:6)
  Robin (D:4)
  5 adders
  An ooze (D:1)
  An adder zombie (D:6)
  An adder skeleton (D:5)
  6 dart slugs
  5 worms
  4 leopard geckos
  19 orcs
  4 ball pythons
  6 bats
  5 giant cockroaches
  12 goblins
  9 hobgoblins
  18 jackals
  3 quokkas (D:2)
  2 frilled lizards (D:4)
  A jackal skeleton (D:4)
  5 kobolds
  2 leopard gecko zombies
  A quokka skeleton (D:4)
  5 rats
  A spectral orc (D:4)
213 creatures vanquished.

Notes
Turn   | Place    | Note
-------+----------+-------------------------------------------
     0 | D:1      | dngmouse the Minotaur Fighter began the quest for the Orb.
     0 | D:1      | Reached XP level 1. HP: 19/19 MP: 0/0
   231 | D:1      | Reached skill level 3 in Axes
   231 | D:1      | Reached XP level 2. HP: 24/27 MP: 1/1
   670 | D:1      | Reached skill level 4 in Axes
   670 | D:1      | Reached XP level 3. HP: 33/33 MP: 2/2
  1146 | D:2      | Found a snail-covered altar of Cheibriados.
  1758 | D:3      | Reached skill level 5 in Axes
  1758 | D:3      | Reached XP level 4. HP: 38/40 MP: 3/3
  1823 | D:3      | Noticed Vajrapani's ghost (amateur OpFi)
  1835 | D:3      | Killed Vajrapani's ghost
  1835 | D:3      | Reached skill level 6 in Axes
  1835 | D:3      | Reached XP level 5. HP: 28/46 MP: 4/4
  1980 | D:3      | Found an iron altar of Okawaru.
  1988 | D:3      | Became a worshipper of Warmaster Okawaru
  2246 | D:3      | Reached skill level 7 in Axes
  2520 | D:4      | Found a shadowy altar of Dithmenos.
  2520 | D:4      | Found an opulent altar of Gozag.
  2671 | D:4      | Noticed Robin
  2683 | D:4      | Killed Robin
  2683 | D:4      | Reached XP level 6. HP: 45/52 MP: 5/5
  2811 | D:4      | Found Penel's Antique Weapon Shop.
  3108 | D:4      | Found a staircase to the Ecumenical Temple.
  3161 | Temple   | Entered the Ecumenical Temple
  3200 | D:4      | Found a basalt altar of Yredelemnul.
  3265 | D:4      | Found a runed door.
  3269 | D:4      | Noticed Crazy Yiuf
  3275 | D:4      | Killed Crazy Yiuf
  3275 | D:4      | Reached skill level 8 in Axes
  3337 | D:5      | Entered Level 5 of the Dungeon
  3342 | D:5      | Noticed TuxedoFelix's ghost (novice HuWn)
  3356 | D:5      | Killed TuxedoFelix's ghost
  3356 | D:5      | Reached * piety under Okawaru
  3356 | D:5      | Reached skill level 10 in Axes
  3356 | D:5      | Reached XP level 7. HP: 59/59 MP: 4/6
  3357 | D:5      | You fall through a shaft!
  3943 | D:5      | Found Dacae's Armour Emporium.
  3946 | D:5      | Reached ** piety under Okawaru
  3946 | D:5      | Reached skill level 11 in Axes
  3946 | D:5      | Reached XP level 8. HP: 53/66 MP: 7/7
  4121 | D:6      | Found Jolaog's Jewellery Boutique.
  4180 | D:6      | Reached skill level 12 in Axes
  4279 | D:6      | Reached skill level 13 in Axes
  4593 | D:6      | Reached *** piety under Okawaru
  4779 | D:6      | Reached XP level 9. HP: 59/71 MP: 8/8
  4868 | D:6      | Reached skill level 1 in Invocations
  5002 | D:6      | Found a glowing silver altar of Zin.
  5414 | D:6      | Noticed a hill giant
  5677 | D:7      | Reached skill level 5 in Fighting
  5863 | D:7      | Noticed Duvessa
  5864 | D:7      | Noticed Dowan
  5867 | D:7      | Killed Duvessa
  5868 | D:7      | Killed Dowan
  5868 | D:7      | Reached skill level 1 in Evocations
  5900 | D:7      | Reached skill level 5 in Armour
  6281 | D:7      | Found a shattered altar of Ashenzari.
  6436 | D:8      | Reached **** piety under Okawaru
  6448 | D:8      | Found a radiant altar of Vehumet.
  6679 | D:8      | Identified Zatug's Collected Works on Moulding and Fire
  6725 | D:8      | Paralysed by a hornet for 1 turns
  6731 | D:8      | Reached XP level 10. HP: 20/88 MP: 7/11
  6761 | D:8      | HP: 4/88 [poisoned by a hornet]
  6769 | D:8      | HP: 4/88 [poisoned by a hornet]
  7150 | D:9      | Noticed a cyclops
  7158 | D:9      | Killed a cyclops
  7188 | D:9      | Noticed a guardian serpent
  7202 | D:9      | Slain by a guardian serpent

Skill      XL: |  1  2  3  4  5  6  7  8  9 10 |
---------------+-------------------------------+-----
Axes           | 3 4 5 6 7 10 11 13 | 13.4
Fighting       | 4 7 8 |  8.0
Armour         | 6 |  6.3
Invocations    | 3 |  3.9
Evocations     | 2 |  2.9
Shields        | |  3.6

Action                   |  1- 3 |  4- 6 |  7- 9 | 10-12 || total
-------------------------+-------+-------+-------+-------++-------
Melee: War axe           |    85 |   102 |    29 |       ||   216
       Headbutt          |    15 |    15 |    57 |     5 ||    92
       Battleaxe         |       |       |   291 |    18 ||   309
Invok: Heroism           |       |       |     3 |       ||     3
 Abil: Evoke Invisibilit |       |     1 |     1 |       ||     2
  Use: Scroll            |       |     2 |     3 |       ||     5
       Potion            |       |       |     8 |       ||     8
 Stab: Invisible         |       |       |     1 |       ||     1
  Eat: Chunk             |     3 |     5 |    11 |       ||    19
       Fruit             |       |       |       |     1 ||     1
Armor: Scale mail        |    43 |       |       |       ||    43
       Fire dragon scale |     8 |    48 |    17 |       ||    73
       Chain mail        |       |       |    16 |       ||    16
       Plate armour      |       |       |   225 |     4 ||   229
Dodge: Dodged            |    29 |    20 |   139 |     7 ||   195
Block: Shield            |    61 |    42 |     5 |       ||   108
